 Dungeon Crawl Stone Soup version 0.32-a0-630-g46d191b0ed (webtiles) character file.

Game seed: 8412995010101831831

201 zenocrate the Digger (level 5, -3/34 HPs)
             Began as an Octopode Earth Elementalist on Mar 6, 2024.
             Was a Follower of Vehumet.
             Slain by an ogre
             ... wielding a +0 giant spiked club
              (37 damage)
             ... on level 4 of the Dungeon.
             The game lasted 00:03:16 (2651 turns).

zenocrate the Digger (Octopode Earth Elementalist)  Turns: 2651, Time: 00:03:17

Health: -3/34      AC:  1    Str:  7    XL:     5   Next: 79%
Magic:  4/9        EV: 13    Int: 19    God:    Vehumet [*.....]
Gold:   230        SH:  0    Dex: 13    Spells: 2/10 levels left

rFire   . . .        a - +0 short sword (flame)
rCold   . . .        (no shield)
rNeg    . . .        (helmet restricted)
rPois   +            (no amulet)
rElec   .            e - ring of poison resistance
rCorr   .            (no ring)
SInv    .            (no ring)
Will    .....        (no ring)
Stlth   +++          (no ring)
HPRegen 0.25/turn    (no ring)
MPRegen 0.11/turn    (no ring)
                     (no ring)

%: no passive effects
@: no status effects
A: almost no armour, amphibious, 8 rings, camouflage 1, gelatinous body 1,
(nimble swimmer 1), tentacles
a: Renounce Religion


You were on level 4 of the Dungeon.
You worshipped Vehumet.
Vehumet was aware of your devotion.
You visited 1 branch of the dungeon, and saw 4 of its levels.

You collected 230 gold pieces.

Inventory:

Hand Weapons
 a - a +0 short sword of flaming (weapon)
Jewellery
 e - a ring of poison resistance (left tentacle)
 h - a ring of ice
Scrolls
 c - 2 scrolls of teleportation {unknown}
 f - a scroll of brand weapon {unknown}
 g - a scroll of enchant armour {unknown}
 i - 2 scrolls of enchant weapon {unknown}
 m - a scroll of vulnerability {unknown}
Potions
 b - 2 potions of curing {unknown}
 d - 2 potions of brilliance {unknown}
 j - a potion of degeneration {unknown}
 k - 2 potions of lignification {unknown}
 l - a potion of might {unknown}
 n - a potion of attraction {unknown}
 o - a potion of heal wounds {unknown}


   Skills:
 + Level 2.0 Fighting
 - Level 2.0 Dodging
 - Level 2.6 Stealth
 + Level 3.2 Spellcasting
 + Level 2.9 Conjurations
 + Level 4.1 Earth Magic


You had 2 spell levels left.
You knew the following spells:

 Your Spells              Type           Power      Damage    Failure   Level
a - Sandblast             Erth           36%        2d10      2%          1
b - Stone Arrow           Conj/Erth      32%        3d9       11%         3
c - Airstrike             Air            1%         2d(1-17)  83%         4

Your spell library contained the following spells:

 Spells                   Type           Power      Damage    Failure   Level
 Freeze                   Ice            12%        1d3       16%         1
 Sting                    Conj/Alch      32%        1d5       9%          1
 Momentum Strike          Conj/Tloc      16%        3d8       12%         2
 Static Discharge         Conj/Air       16%        3-4/arc   12%         2
 Apportation              Tloc           6%         N/A       16%         1
 Necrotise                Necr           12%        1d4       16%         1
 Summon Small Mammal      Summ           12%        N/A       16%         1
 Blink                    Tloc           6%         N/A       22%         2
 Lesser Beckoning         Tloc           6%         N/A       22%         2
 Passwall                 Erth           18%        N/A       9%          3
 Brom's Barrelling Bould  Conj/Erth      16%        2d4       34%         4
 Petrify                  Alch/Erth      10%        N/A       54%         4
 Summon Blazeheart Golem  Fire/Summ      3%         N/A       83%         4
 Summon Lightning Spire   Summ/Air       3%         N/A       83%         4
 Orb of Destruction       Conj           7%         9d6       100%        7
 Spellforged Servitor     Conj/Summ      4%         N/A       100%        7


Dungeon Overview and Level Annotations

Branches:
Dungeon (4/15)
 Temple: D:4-7

Altars:
Vehumet


Innate Abilities, Weirdness & Mutations

You cannot wear most types of armour.
You are amphibious.
You can wear up to eight rings at the same time.
Your skin changes colour to match your surroundings (Stealth+).
Your rubbery body absorbs attacks. (AC +1, EV +1)
((You are camouflaged when in or above water. (Stealth+)))
You have tentacles for arms and can constrict up to eight enemies at once.


Message History

Aiming: Sandblast (safe; 2% risk of failure)
Press: ? - help, Shift-Dir - straight line, f/p - ribbon worm
Aim: a ribbon worm (moderately wounded, 94% to hit)
The blast of sand hits the ribbon worm!
You kill the ribbon worm!
Vehumet accepts your kill.
Casting: Sandblast (safe; 2% risk of failure)
Confirm with . or Enter, or press ? or * to list all spells.
You can't see any susceptible monsters within range! (Use Z to cast anyway.) Unknown command.
You struggle to detach yourself from the web.
The web tears apart.
c - 2 scrolls labelled COORUVV WUIC KIU (gained 1)
An ogre comes into view. It is wielding a +0 giant spiked club.
An ogre is nearby!
An ogre is nearby!
Casting: Sandblast (safe; 2% risk of failure)
Confirm with . or Enter, or press ? or * to list all spells.
Aiming: Sandblast (safe; 2% risk of failure)
Press: ? - help, Shift-Dir - straight line, f - ogre
Aim: an ogre, wielding a +0 giant spiked club (wandering, hasn't noticed you, 91% to hit)
The blast of sand hits the ogre!
The ogre is moderately wounded.
The ogre shouts!
Casting: Sandblast (safe; 2% risk of failure)
Confirm with . or Enter, or press ? or * to list all spells.
Aiming: Sandblast (safe; 2% risk of failure)
Press: ? - help, Shift-Dir - straight line, f/p - ogre
Aim: an ogre, wielding a +0 giant spiked club (moderately wounded, 91% to hit)
The blast of sand hits the ogre!
The ogre is heavily wounded.
Casting: Sandblast (safe; 2% risk of failure)
Confirm with . or Enter, or press ? or * to list all spells.
Aiming: Stone Arrow (quite dangerous; 11% risk of failure)
Press: ? - help, Shift-Dir - straight line, f/p - ogre
Aim: an ogre, wielding a +0 giant spiked club (heavily wounded, 85% to hit)
The stone arrow misses the ogre.
The ogre hits you with a +0 giant spiked club!!!
Ouch! That really hurt!
You die...

#.### . #.#..
...... .##.#.#
.... .##.#.# ....
<...#.#### ...
.........##### #..
.#..#........# #.#
.....†.#.###.# #O#
##..##.#.###.# #@#
..........##.# #.#
..........##.###.#
.#####.#.#.......#
.# #.......#####
.# ######### .# .#
.#


You could see an ogre.

Vanquished Creatures
  A scorpion (D:4)
  A hound (D:4)
  Robin (D:2)
  2 adders (D:2)
  2 dart slugs (D:1)
  2 ribbon worms (D:4)
  3 orcs
  An endoplasm (D:2)
  4 giant cockroaches
  12 goblins
  11 hobgoblins
  2 jackals (D:1)
  2 quokkas
  10 ball pythons
  2 bats
  4 frilled lizards (D:1)
  6 kobolds
  6 rats
72 creatures vanquished.

Notes
Turn   | Place    | Note
-------+----------+-------------------------------------------
     0 | D:1      | zenocrate the Octopode Earth Elementalist began the quest
                  | for the Orb.
     0 | D:1      | Reached XP level 1. HP: 11/11 MP: 3/3
   338 | D:1      | Reached XP level 2. HP: 17/17 MP: 1/5
   768 | D:2      | Reached XP level 3. HP: 21/21 MP: 6/6
   850 | D:2      | Learned a level 3 spell: Stone Arrow
   873 | D:2      | Found a radiant altar of Vehumet.
   895 | D:2      | Became a worshipper of Vehumet
  1000 | D:2      | Noticed Robin
  1006 | D:2      | Reached XP level 4. HP: 24/27 MP: 2/7
  1007 | D:2      | Reached skill level 1 in Fighting
  1014 | D:2      | Killed Robin
  1198 | D:2      | Learned a level 4 spell: Airstrike
  1268 | D:2      | Reached * piety under Vehumet
  1268 | D:2      | Offered knowledge of Freeze by Vehumet.
  1270 | D:2      | Found a faded altar of an unknown god.
  2278 | D:4      | Noticed a scorpion
  2290 | D:4      | Reached XP level 5. HP: 9/33 MP: 6/9
  2292 | D:4      | Reached skill level 4 in Earth Magic
  2646 | D:4      | Noticed an ogre
  2651 | D:4      | Slain by an ogre

Illustrated notes

Levels and vault maps discovered:
D:1:      dpeg_arrival_round_b, layout_basic
D:2:      layout_basic, basic_altar, hellmonk_ecumenical_altar_prayer_group,
          uniq_robin
D:3:      layout_basic
D:4:      minmay_spotlight, layout_loops_cross, minitemple,
          minmay_shop_grid_forest, uniq_ijyb

Skill      XL: |  1  2  3  4  5 |
---------------+----------------+-----
Conjurations   | 2 |  2.9
Fighting       | 1 2 |  2.0
Spellcasting   | 3 |  3.2
Earth Magic    | 4 |  4.1
Dodging        | |  2.0
Stealth        | |  2.6

Action                     |  1- 3 |  4- 6 || total
---------------------------+-------+-------++-------
  Melee: Unarmed           |    35 |     5 ||    40
         Constrict         |    12 |     4 ||    16
         Tentacles         |    11 |     9 ||    20
         Short sword       |       |    23 ||    23
   Cast: Sandblast         |    28 |    29 ||    57
         Stone Arrow       |       |     4 ||     4
    Use: Potion            |       |     1 ||     1
   Stab: Sleeping          |     7 |     5 ||    12
 Armour: Skin              |    13 |    28 ||    41
  Dodge: Dodged            |    24 |    20 ||    44

Table legend: (Time is in decaauts)
 A = Elapsed time spent in this place.
 B = Non-inter-level travel time spent in this place.
 C = Inter-level travel time spent in this place.
 D = Time resting spent in this place.
 E = Time spent auto-exploring this place.
 F = Levels seen in this place.
 G = Mean time per level.
                   A        B        C        D        E       F      G
               +--------+--------+--------+--------+--------+-----+--------+
         Total |   2677 |   2628 |     49 |      0 |   2204 |   4 |  669.2 |
       Dungeon |   2677 |   2628 |     49 |      0 |   2204 |   4 |  669.2 |
               +--------+--------+--------+--------+--------+-----+--------+

Top non-repeatable levels by time:
     D:3: 771 daAuts
     D:1: 764 daAuts
     D:2: 738 daAuts
     D:4: 402 daAuts
